 Dungeon Crawl Stone Soup version 0.20-a0-517-g5f97612 (webtiles) character file.

276 Ijustatesigmund the Sneak (level 6, 0/30 HPs)
             Began as a Spriggan Assassin on Jan 24, 2017.
             Killed by divine providence
             ... invoked by an orc priest
              (17 damage)
             ... on level 3 of the Dungeon.
             The game lasted 00:06:35 (3105 turns).

Ijustatesigmund the Sneak (Spriggan Assassin)       Turns: 3105, Time: 00:06:35

Health: 0/30       AC:  3    Str:  7    XL:     6   Next: 4%
Magic:  7/7        EV: 22    Int: 13    God:
Gold:   179        SH:  0    Dex: 19    Spells: 5/5 levels left

rFire    . . .     SeeInvis +   a - +2 dagger
rCold    . . .     Gourm    .   c - +0 robe
rNeg     . . .     Faith    .   (shield restricted)
rPois    .         Spirit   .   (helmet restricted)
rElec    .         Reflect  .   d - +0 cloak
rCorr    .         Harm     .   (gloves unavailable)
MR       +....                  (boots unavailable)
Stlth    ++++......             k - amulet of regeneration
Regen    0.5/turn               (no ring)
                                (no ring)

@: very quick
A: unfitting armour, see invisible, herbivore 3, speed 3, slow metabolism 2
a: no special abilities


You were on level 3 of the Dungeon.
You were not hungry.

You visited 1 branch of the dungeon, and saw 4 of its levels.

You collected 179 gold pieces.

Inventory:

Hand Weapons
 a - a +2 dagger (weapon)
 b - a +0 blowgun
Missiles
 e - 5 poisoned needles
 f - 2 curare-tipped needles
Armour
 c - a +0 robe (worn)
 d - a +0 cloak (worn)
Jewellery
 k - an amulet of regeneration (around neck)
 n - a +2 ring of protection {unknown}
Wands
 l - a wand of polymorph (19/24)
Scrolls
 h - a scroll of recharging
 o - a scroll of fog
Potions
 i - 2 potions of degeneration {unknown}
 j - a potion of curing
 m - a potion of lignification {unknown}
Books
 p - a book of Power

   Spells                             Type                      Level
   a - Fulminant Prism                Conjuration/Hexes            4
   b - Iskenderun's Mystic Blast      Conjuration                  4
   c - Venom Bolt                     Conjuration/Poison           5
   d - Bolt of Magma                  Conjuration/Fire/Earth       5
   e - Iron Shot                      Conjuration/Earth            6
   f - Orb of Destruction             Conjuration                  7
   g - Spellforged Servitor           Conjuration/Summoning        7
Comestibles
 g - 2 bread rations


   Skills:
 + Level 1.9 Fighting
 - Level 4.8 Short Blades
 - Level 2.0 Throwing
 - Level 5.6 Dodging
 - Level 6.8 Stealth


You had 5 spell levels left.
You didn't know any spells.

Dungeon Overview and Level Annotations

Branches:
Dungeon (4/15)
 Temple: D:4-7

Altars:
Nemelex Xobeh
Zin

Shops:
D:2 *


Innate Abilities, Weirdness & Mutations

You are very small and have problems with some larger weapons.
You are too small for most types of armour.
You have supernaturally acute eyesight. (SInv)
You are a herbivore.
You cover ground extremely quickly.
You need consume almost no food.


Message History

The orc completely misses you. The orc priest misses you. The orc misses you.
You hit the orc priest but do no damage.
The orc priest is lightly wounded.
The orc barely misses you.
You barely miss the orc priest.
The orc priest is lightly wounded.
The orc hits you.
The orc priest looks satisfied for a moment.
You closely miss the orc priest.
The orc priest is lightly wounded.
The orc hits you. x2; The orc priest misses you.
You hit the orc priest but do no damage.
The orc priest is lightly wounded.
The orc misses you. The orc completely misses you.
You hit the orc priest but do no damage.
The orc priest is lightly wounded.
The orc priest mumbles some strange prayers to Beogh against you.
Beogh smites you!
Ouch! That really hurt!
You die...

#.# #.###### #.....### #.#
#.##<..# #.#'#.###
#.####......####...#....
#..................#...#
############.......(.........
#......# #............#....
##.###.#####.##..##.....#..##
#.# #......oo..........#....
#.# #..####@..[[............
#.# #.....o..#.##.........<.
###.###................#.#.#'#
#..............#.#####.#.#....
#.#.####.......[......)#.#....
#.#.##......####.#####...#....
#.#.##......'....# #.###.###
#.#.##......###### #.# #.# #
#.#.##......# ######.# #.# #


You could see an orc priest and 2 orcs.

Vanquished Creatures
  Sigmund (D:2)
  Ijyb (D:2)
  3 adders (D:3)
  2 worms
  3 dart slugs
  2 leopard geckos
  3 orcs (D:3)
  5 giant cockroaches
  5 goblins
  5 hobgoblins
  4 jackals (D:1)
  6 kobolds
  A quokka (D:2)
  A ball python (D:1)
  5 bats
  5 frilled lizards
  8 rats
60 creatures vanquished.

Notes
Turn   | Place    | Note
-------+----------+-------------------------------------------
     0 | D:1      | Ijustatesigmund the Spriggan Assassin began the quest for the Orb.
     0 | D:1      | Reached XP level 1. HP: 10/10 MP: 2/2
     8 | D:1      | Reached skill level 6 in Stealth
   506 | D:2      | Reached XP level 2. HP: 14/14 MP: 3/3
   981 | D:1      | Reached XP level 3. HP: 18/18 MP: 4/4
  1377 | D:2      | Noticed Ijyb
  1413 | D:2      | Killed Ijyb
  1435 | D:2      | Reached XP level 4. HP: 17/22 MP: 5/5
  1574 | D:2      | Found Zin's Purification Station.
  1577 | D:2      | Found a glowing silver altar of Zin.
  1704 | D:2      | Noticed Sigmund
  1758 | D:2      | Killed Sigmund
  1758 | D:2      | Reached skill level 5 in Dodging
  1758 | D:2      | Reached XP level 5. HP: 25/25 MP: 6/6
  2522 | D:3      | Found a sparkling altar of Nemelex Xobeh.
  2965 | D:3      | Reached XP level 6. HP: 21/30 MP: 7/7
  3105 | D:3      | Killed from afar by an orc priest

Vault maps used:
D:1:      erik_arrival_blinker_ship
D:2:      zin_purify, kennysheep_donut, uniq_iyjb, uniq_sigmund
D:3:      nemelex_altar_shiori, first_bread
D:4:      led_sif_pool, uniq_duvessa

Skill      XL: |  1  2  3  4 |
---------------+-------------+-----
Stealth        | 6 |  6.8
Dodging        | 2 3 5 |  5.6
Short Blades   | 3 4 |  4.8
Fighting       | |  1.9
Throwing       | |  2.0

Action                   |  1- 3 |  4- 6 || total
-------------------------+-------+-------++-------
Melee: Dagger            |   125 |   140 ||   265
 Fire: Blowgun           |     2 |    12 ||    14
  Use: Scroll            |     4 |       ||     4
 Stab: Sleeping          |    13 |     7 ||    20
       Distracted        |       |     1 ||     1
Armor: Robe              |    12 |    19 ||    31
Dodge: Dodged            |    83 |   160 ||   243
